 Dungeon Crawl Stone Soup version 0.19.5 (webtiles) character file.

95 JeffiDaFish the Digger (level 4, -1/24 HPs)
             Began as a Gargoyle Earth Elementalist on Mar 28, 2017.
             Slain by a worm (3 damage)
             ... on level 2 of the Dungeon.
             The game lasted 00:04:19 (1885 turns).

JeffiDaFish the Digger (GrEE)                       Turns: 1885, Time: 00:04:19

Health: -1/24      AC: 10    Str: 11    XL:     4   Next: 65%
Magic:  0/8        EV: 10    Int: 16    God:
Gold:   159        SH:  0    Dex: 11    Spells: 1 memorised, 7 levels left

rFire  . . .     SeeInvis .     i - +0 mace
rCold  . . .     Gourm    .     a - +2 ring mail
rNeg   + . .     Faith    .     (no shield)
rPois  ∞         Spirit   .     (no helmet)
rElec  +         Reflect  .     (no cloak)
rCorr  .         Harm     .     (no gloves)
MR     .....                    (no boots)
Stlth  ..........               (no amulet)
                                (no ring)
                                f - ring of loudness (curse)

@: very slightly contaminated
A: negative energy resistance 1, electricity resistance, unbreathing,
petrification resistance, rot immunity, AC +3
a: no special abilities


You were on level 2 of the Dungeon.
You were not hungry.

You visited 1 branch of the dungeon, and saw 2 of its levels.

You collected 159 gold pieces.

Inventory:

Hand Weapons
 i - a +0 mace (weapon)
Missiles
 b - 183 stones (quivered)
Armour
 a - a +2 ring mail (worn)
Jewellery
 f - a cursed ring of loudness (left hand)
Scrolls
 h - 4 scrolls of identify
 j - a scroll of teleportation
Books
 e - a book of Geomancy

   Spells                             Type                      Level
   a - Sandblast                      Earth                        1
   b - Passwall                       Transmutation/Earth          2
   c - Stone Arrow                    Conjuration/Earth            3
   d - Petrify                        Transmutation/Earth          4
   e - Lee's Rapid Deconstruction     Earth                        5
Comestibles
 c - 7 chunks of flesh
 d - 2 bread rations
 g - a beef jerky


   Skills:
 + Level 0.4 Fighting
 + Level 0.8 Maces & Flails
 + Level 0.9 Armour
 + Level 1.9 Dodging
 + Level 2.6 Stealth
 + Level 0.2 Unarmed Combat
 + Level 2.7 Spellcasting
   Level 0.7 Transmutations
 + Level 4.7 Earth Magic


You had 7 spell levels left.
You knew the following spells:

 Your Spells              Type           Power        Failure   Level  Hunger
a - Sandblast             Erth           ###...       10%         1    #......


Dungeon Overview and Level Annotations

Branches:
Dungeon (2/15)

Altars:


Innate Abilities, Weirdness & Mutations

You are resistant to torment.
Your stone body is resilient. (AC +3)
You are immune to poison.
You resist negative energy. (rN+)
You are resistant to electric shocks. (rElec)
You can survive without breathing.
You are immune to petrification.
You are immune to rotting.


Message History

The worm is severely wounded.
The worm bites you!
You hit the worm.
The worm is severely wounded.
The worm barely misses you.
You hit the worm.
The worm is severely wounded.
The worm bites you!
* * * LOW HITPOINT WARNING * * *
Casting: Sandblast
Confirm with . or Enter, or press ? or * to list all spells.
Aiming: Sandblast
Press: ? - help, Shift-Dir - straight line, f/p - worm
Aim: a worm (severely wounded)
The blast of sand hits the worm.
The worm is almost dead.
You barely miss the worm.
The worm is almost dead.
The worm bites you.
You die...

#### .(# ############ #.#
#........... ###+####.#
#.########## ≈≈≈g≈≈≈#)#
#.# #.....
≈≈≈≈≈≈≈#@#####.#####.###.
≈....≈.#w................
.......#.#####.#####.###.
...g.gS#.# #......÷....
..w....#.# #..####.###.
....gg.(.# #>.# #.# ##
########## #..# #.####
#..####....> #...........


You could see a worm.

Vanquished Creatures
  3 adders (D:2)
  2 oozes
  2 dart slugs
  A leopard gecko (D:2)
  3 giant cockroaches (D:1)
  5 hobgoblins
  A quokka (D:2)
  2 ball pythons (D:1)
  3 bats
  A frilled lizard (D:2)
  15 goblins
  6 kobolds
  9 rats
53 creatures vanquished.

Notes
Turn   | Place    | Note
-------+----------+-------------------------------------------
     0 | D:1      | JeffiDaFish the Gargoyle Earth Elementalist began the quest for the Orb.
     0 | D:1      | Reached XP level 1. HP: 10/10 MP: 3/3
   179 | D:1      | Reached skill level 4 in Earth Magic
   179 | D:1      | Reached XP level 2. HP: 15/15 MP: 3/5
   893 | D:1      | Reached XP level 3. HP: 19/19 MP: 4/6
  1704 | D:2      | Reached XP level 4. HP: 24/24 MP: 7/7
  1885 | D:2      | Slain by a worm

Skill      XL: |  1 |
---------------+----+-----
Earth Magic    | 4 |  4.7
Fighting       | |  0.4
Maces & Flails | |  0.8
Armour         | |  0.9
Dodging        | |  1.9
Stealth        | |  2.6
Unarmed Combat | |  0.2
Spellcasting   | |  2.7
Transmutations | |  0.7

Action                   |  1- 3 |  4- 6 || total
-------------------------+-------+-------++-------
Melee: Unarmed           |    23 |       ||    23
       Dagger            |    38 |       ||    38
       Mace              |    64 |    39 ||   103
 Cast: Sandblast         |    20 |    13 ||    33
  Use: Scroll            |     4 |     1 ||     5
       Potion            |     3 |     1 ||     4
 Stab: Sleeping          |     3 |       ||     3
  Eat: Chunk             |     3 |     1 ||     4
Armor: Robe              |    14 |       ||    14
       Ring mail         |    42 |    23 ||    65
Dodge: Dodged            |    82 |    30 ||   112
